 Dungeon Crawl Stone Soup version 0.23-a0-650-ga4d50d4 (webtiles) character file.

11 Borgoz the Sneak (level 2, -2/22 HPs)
             Began as a Demonspawn Assassin on Jan 2, 2019.
             Slain by a hobgoblin
             ... wielding a +0 club
              (6 damage)
             ... on level 1 of the Dungeon.
             The game lasted 00:01:03 (195 turns).

Borgoz the Sneak (Demonspawn Assassin)               Turns: 195, Time: 00:01:04

Health: -2/22      AC:  3    Str: 11    XL:     2   Next: 17%
Magic:  2/2        EV: 12    Int: 12    God:
Gold:   22         SH:  0    Dex: 14    Spells: 1/1 levels left

rFire    . . .     SeeInvis .   a - +2 dagger
rCold    . . .     Gourm    .   (no shield)
rNeg     . . .     Faith    .   c - +0 robe
rPois    .         Spirit   .   (no helmet)
rElec    .         Reflect  .   d - +0 cloak
rCorr    .         Harm     .   (no gloves)
MR       .....                  (no boots)
Stlth    +++.......             (no amulet)
HPRegen  0.07/turn              (no ring)
MPRegen  0.08/turn              (no ring)

@: no status effects
A: talons 1
a: no special abilities


You were on level 1 of the Dungeon.
You were not hungry.

You visited 1 branch of the dungeon, and saw 1 of its levels.

You collected 22 gold pieces.

Inventory:

Hand Weapons
 a - a +2 dagger (weapon)
 b - a +0 blowgun
Missiles
 e - 8 poisoned needles
 f - 2 curare-tipped needles
Armour
 c - a +0 robe (worn)
 d - a +0 cloak (worn)
Scrolls
 i - a scroll of identify {unknown}
 k - a scroll of fear {unknown}
Potions
 h - a potion of brilliance {unknown}
 j - a potion of mutation {unknown}
Comestibles
 g - a ration


   Skills:
 + Level 2.1 Fighting
 + Level 1.9 Short Blades
 - Level 1.7 Throwing
 + Level 0.9 Dodging
 + Level 4.0 Stealth


You had one spell level left.
You didn't know any spells.
Your spell library was empty.

Dungeon Overview and Level Annotations

Branches:
Dungeon (1/15)

Altars:


Innate Abilities, Weirdness & Mutations

You have sharp toenails.


Message History

You are too injured to fight recklessly!
You hit the rat.
You kill the rat!
You closely miss the hobgoblin.
The hobgoblin is severely wounded.
The hobgoblin hits you with a +0 club.
You hit the hobgoblin but do no damage.
The hobgoblin is severely wounded.
You barely miss the hobgoblin.
The hobgoblin is severely wounded.
The hobgoblin hits you with a +0 club!
* * * LOW HITPOINT WARNING * * *
A bat comes into view.
The bat hits you.
* * * LOW HITPOINT WARNING * * *
The bat hits you but does no damage. The bat barely misses you.
You see here a rat corpse.
The bat closely misses you. The bat barely misses you.
The hobgoblin hits you with a +0 club.
You die...

.. #.# ##...# #.
#.###....# # #
##.##.##.....##. .
#.#...#.##....... ..
##.#...#.##.....##.#
...................#
#..............# .#
#.......###....#.#
#.#...bg@.......#
#....#####...#.#
##......w.....#.#
###.###........#
#..............
#..##.......#.#
#..###.....###. #..#
##.>.#.# #..#
##..##.#


You could see a hobgoblin and a bat.

Vanquished Creatures
  A dart slug (D:1)
  A bat (D:1)
  A giant cockroach (D:1)
  A goblin (D:1)
  A hobgoblin (D:1)
  A kobold (D:1)
  A frilled lizard (D:1)
  2 rats (D:1)
9 creatures vanquished.

Notes
Turn   | Place    | Note
-------+----------+-------------------------------------------
     0 | D:1      | Borgoz the Demonspawn Assassin began the quest for the Orb.
     0 | D:1      | Reached XP level 1. HP: 16/16 MP: 1/1
   113 | D:1      | Reached skill level 4 in Stealth
   136 | D:1      | Gained mutation: You have sharp toenails. [demonic
                  | ancestry]
   136 | D:1      | Reached XP level 2. HP: 16/22 MP: 2/2
   195 | D:1      | Slain by a hobgoblin

Vault maps used:
D:1:      dpeg_arrival_court

Skill      XL: |  1 |
---------------+----+-----
Stealth        | 4 |  4.0
Fighting       | |  2.1
Short Blades   | |  1.9
Throwing       | |  1.7
Dodging        | |  0.9

Action                   || total
-------------------------++-------
Melee: Dagger            ||    28
       Kick              ||     3
 Stab: Sleeping          ||     3
Armor: Robe              ||     3
Dodge: Dodged            ||    13

Table legend:
 A = Non-vault XP
 B = Vault XP
 C = Vault XP percentage of total XP
 D = Non-vault monster count
 E = Vault monster count
 F = Vault count percentage of total count
                 A         B        C        D         E       F
            +---------+---------+-------+---------+---------+-------
      Total |      17 |       0 |   0.0 |       9 |       0 |   0.0
            +---------+---------+-------+---------+---------+-------
        D:1 |      17 |       0 |   0.0 |       9 |       0 |   0.0
            +---------+---------+-------+---------+---------+-------
